 Dungeon Crawl Stone Soup version 0.18.1-8-gdd0e5ea (webtiles) character file.

220 Gnarff the Skirmisher (level 5, -2/48 HPs)
             Began as a Hill Orc Fighter on June 4, 2016.
             Killed from afar by an orc wizard (8 damage)
             ... with a puff of frost
             ... on level 4 of the Dungeon.
             The game lasted 00:29:38 (2324 turns).

Gnarff the Skirmisher (Hill Orc Fighter)            Turns: 2324, Time: 00:29:39

Health: -2/48      AC:  6    Str: 22    XL:     5   Next: 97%
Magic:  5/5        EV: 10    Int:  8    God:
Gold:   132        SH: 10    Dex: 10    Spells: 0 memorised, 4 levels left

rFire  . . .     SeeInvis .     a - +0 war axe
rCold  . . .     Gourm    .     f - +0 scale mail
rNeg   . . .     Faith    .     c - +1 shield
rPois  .         Spirit   .     s - +0 helmet
rElec  .         Dismiss  .     (no cloak)
rCorr  .         Reflect  .     k - +0 pair of gloves
SustAt +         Harm     .     (no boots)
MR     .....                    q - amulet of inaccuracy (curse)
Stlth  ..........               (no ring)
                                j - ring of sustain attributes

@: not resistant to hostile enchantments, extremely unstealthy
A: repulsion field 1, deformed body, strong 1
a: no special abilities


You were on level 4 of the Dungeon.
You were hungry.

You visited 1 branch of the dungeon, and saw 4 of its levels.

You collected 132 gold pieces.

Inventory:

Hand Weapons
 a - a +0 war axe (weapon)
Missiles
 i - 40 arrows
Armour
 c - a +1 shield (worn)
 f - a +0 scale mail (worn)
 k - a +0 pair of gloves (worn)
 s - a +0 helmet (worn)
Jewellery
 j - a ring of sustain attributes (left hand)
 q - a cursed amulet of inaccuracy (around neck)
Scrolls
 e - 2 scrolls of identify
 h - a scroll of teleportation
 n - 2 scrolls of recharging
 o - a scroll of enchant armour
Potions
 d - a potion of flight {unknown}
 g - a potion of brilliance
 l - 2 potions of cancellation {unknown}
Miscellaneous
 b - a plain deck of summoning
Comestibles
 p - 2 bread rations


   Skills:
 + Level 5.0 Fighting
 + Level 4.3 Axes
 + Level 4.1 Armour
 + Level 1.4 Dodging
 + Level 4.3 Shields


You had 4 spell levels left.
You didn't know any spells.

Dungeon Overview and Level Annotations

Branches:
Dungeon (4/15)
 Temple: D:4-7

Altars:
Ashenzari
Gozag
Nemelex Xobeh
Okawaru


Innate Abilities, Weirdness & Mutations

You are surrounded by a mild repulsion field (EV +2).
Armour fits poorly on your strangely shaped body.
Your muscles are strong. (Str +2)


Message History

Something hits you.
* * * LOW HITPOINT WARNING * * *
Unknown command.
You completely miss something. Something hits you but does no damage.
Something hits you.
* * * LOW HITPOINT WARNING * * *
You barely miss something.
Something hits you but does no damage. x2
You miss something. You block something's attack. Something hits you.
* * * LOW HITPOINT WARNING * * *
You miss something. Something hits you but does no damage.
You block something's attack.
You closely miss something. Something hits you.
* * * LOW HITPOINT WARNING * * *
Something hits you.
* * * LOW HITPOINT WARNING * * *
You completely miss something. Something hits you but does no damage.
You hear some strange, mumbled words.
A puff of frost appears from out of thin air!
The puff of frost hits you!
You die...

###.#.#
##.##.#
#...#.# #..#.#
#.###.# ##)#.#
#.....# #...#
####### ##..#
#### #..#
..... #..#
......#####..#
......gho{@.>#
......########
..... .... ...
h. .


You could see an orc, a jackal and a goblin.

Vanquished Creatures
  An ogre (D:4)
  A hound (D:4)
  A worker ant (D:3)
  2 adders (D:2)
  2 oozes (D:1)
  3 worms
  2 dart slugs (D:3)
  4 orcs
  A giant cockroach (D:2)
  3 hobgoblins
  A jackal (D:4)
  9 kobolds
  8 bats
  9 giant newts
  3 goblins
  5 rats
55 creatures vanquished.

Notes
Turn   | Place    | Note
--------------------------------------------------------------
     0 | D:1      | Gnarff the Hill Orc Fighter began the quest for the Orb.
     0 | D:1      | Reached XP level 1. HP: 19/19 MP: 1/1
   174 | D:1      | Reached skill level 4 in Fighting
   174 | D:1      | Reached XP level 2. HP: 27/27 MP: 2/2
   532 | D:1      | Reached XP level 3. HP: 32/33 MP: 3/3
  1105 | D:2      | Found an iron altar of Okawaru.
  1242 | D:2      | Reached skill level 1 in Dodging
  1242 | D:2      | Reached XP level 4. HP: 24/40 MP: 4/4
  1479 | D:2      | Found a sparkling altar of Nemelex Xobeh.
  1817 | D:3      | Found an opulent altar of Gozag.
  1918 | D:3      | Found a shattered altar of Ashenzari.
  2081 | D:4      | Noticed an ogre
  2091 | D:4      | Reached XP level 5. HP: 33/47 MP: 5/5
  2097 | D:4      | Killed an ogre
  2097 | D:4      | Reached skill level 5 in Fighting
  2318 | D:4      | Gained mutation: Your muscles are strong. (Str +2) [potion of mutation]
  2318 | D:4      | Gained mutation: You are surrounded by a mild repulsion field (EV +2). [potion of mutation]
  2318 | D:4      | Gained mutation: Armour fits poorly on your strangely shaped body. [potion of mutation]
  2324 | D:4      | Killed from afar by an orc wizard

Skill      XL: |  1  2  3  4  5 |
---------------+----------------+-----
Fighting       | 4 5 |  5.0
Axes           | 3 4 |  4.3
Dodging        | 1 |  1.4
Shields        | 4 |  4.3
Armour         | 4 |  4.1

Action                   |  1- 3 |  4- 6 || total
-------------------------+-------+-------++-------
Melee: War axe           |   153 |   133 ||   286
  Use: Scroll            |     5 |     5 ||    10
       Potion            |     2 |     3 ||     5
  Eat: Bread ration      |     1 |       ||     1
       Chunk             |       |     1 ||     1
Armor: Scale mail        |    73 |    60 ||   133
Dodge: Dodged            |    48 |    33 ||    81
Block: Shield            |    81 |    74 ||   155
